AoeStats
← denny "denny hasder" hasder

Arena

506176188Analyzed
3v3 RM · 19d ago on Sep 12, 2026· 49m 10s· 6 players
Game mode
Random Map
Map size
Normal (6 player)
Population
200
Speed
Normal
Resources
Standard
Victory
Conquest
Starting age
Dark Age
Ending age
Imperial Age
RankedLock teamsTeams togetherTeam positionsShared explorationLock speedFull tech treeHidden civsTurbo modeCheats
Victory
Defeat
🇪🇸 Celts · Spain
1122
+16
🇧🇷 Italians · Brazil
1092
+17
🇪🇸 Georgians · Spain
1076
+18
🇺🇸 Italians · United States
1195
-21
🇰🇷 Britons · South Korea
1123
-32
🇺🇸 Cumans · United States
1015
-13
HVD Uplift9
11:37 Feudal Age
15:56 Castle Age
14:12 Double-Bit Axe
30:04 Loom
32:49 Imperial Age
34:16 Heavy Scorpion
46:59 Elite Skirmisher
49:30 Fletching
49:40 Padded Archer Armor
Tarifa2647
0:28 Loom
12:07 Feudal Age
13:05 Double-Bit Axe
13:22 Horse Collar
17:57 Castle Age
18:48 Bow Saw
18:59 Heavy Plow
25:39 Scale Barding Armor
25:48 Forging
27:43 Chain Barding Armor
30:38 Wheelbarrow
29:49 Town Watch
34:22 Imperial Age
32:28 Husbandry
32:46 Bloodlines
33:44 Fortified Wall
34:15 Hand Cart
34:56 Iron Casting
36:56 Crop Rotation
36:18 Elite Monaspa
37:20 Conscription
37:40 Hoardings
42:14 Light Cavalry
43:11 Hussar
46:24 Aznauri Cavalry
Calma Porra
9:42 Feudal Age
10:21 Double-Bit Axe
10:17 Horse Collar
11:10 Gold Mining
16:45 Castle Age
15:28 Stone Mining
19:07 Wheelbarrow
19:21 Heavy Plow
19:55 Fletching
23:43 Hand Cart
25:53 Bodkin Arrow
25:58 Padded Archer Armor
29:17 Imperial Age
27:55 Bow Saw
29:23 Ballistics
30:38 Town Watch
30:39 Loom
30:55 Bracer
31:10 Leather Archer Armor
30:24 Elite Genoese Crossbowman
32:24 Thumb Ring
32:56 Town Patrol
33:36 Ring Archer Armor
33:39 Elite Genoese Crossbowman
34:40 Conscription
34:07 Light Cavalry
34:57 Bloodlines
34:48 Husbandry
36:15 Two-Man Saw
37:40 Chemistry
38:18 Forging
38:13 Scale Barding Armor
38:23 Hussar
39:40 Iron Casting
44:33 Blast Furnace
43:53 Chain Barding Armor
47:55 Plate Barding Armor
48:34 Hoardings
49:55 Fervor
denny "denny hasder" hasder
10:32 Feudal Age
11:44 Double-Bit Axe
11:45 Horse Collar
19:07 Castle Age
18:05 Fletching
18:32 Stone Mining
18:36 Gold Mining
19:44 Padded Archer Armor
20:18 Bow Saw
20:10 Heavy Plow
20:51 Bodkin Arrow
21:38 Stone Shaft Mining
21:07 Loom
21:29 Elite Skirmisher
24:42 Leather Archer Armor
26:17 Wheelbarrow
26:51 Thumb Ring
31:15 Hand Cart
34:03 Imperial Age
32:27 Forging
32:22 Scale Barding Armor
33:45 Iron Casting
35:58 Chemistry
42:58 Ballistics
43:02 Bracer
44:49 Two-Man Saw
44:23 Crop Rotation
45:09 Elite Genoese Crossbowman
46:12 Conscription
Chuck Grape
9:07 Feudal Age
9:32 Loom
10:06 Double-Bit Axe
12:16 Horse Collar
19:57 Castle Age
19:00 Scale Barding Armor
19:24 Gold Mining
20:53 Bloodlines
20:55 Forging
22:24 Bow Saw
25:33 Wheelbarrow
25:12 Stone Mining
25:43 Fletching
26:14 Chain Barding Armor
28:12 Bodkin Arrow
33:13 Heavy Plow
34:58 Iron Casting
39:51 Imperial Age
40:00 Cavalier
41:12 Elite Skirmisher
RARRY
10:21 Feudal Age
14:01 Castle Age
12:16 Double-Bit Axe
12:44 Horse Collar
18:56 Stone Mining
21:26 Wheelbarrow
21:27 Bow Saw
22:22 Gold Mining
24:04 Hand Cart
23:50 Fletching
25:54 Bodkin Arrow
26:45 Gold Shaft Mining
29:09 Imperial Age
26:54 Padded Archer Armor
26:55 Town Watch
28:20 Ballistics
28:50 Town Patrol
29:27 Leather Archer Armor
30:08 Bracer
30:40 Ring Archer Armor
30:39 Conscription
30:11 Crossbowman
31:57 Chemistry
30:50 Arbalester
31:06 Pikeman
31:46 Squires
32:15 Elite Longbowman
33:42 Scale Mail Armor
33:52 Forging
35:55 Two-Man Saw
35:00 Heavy Plow
35:13 Halberdier
36:08 Scale Barding Armor
36:39 Iron Casting
36:21 Chain Mail Armor
36:11 Scale Barding Armor
38:37 Blast Furnace
38:41 Yeomen
38:21 Warwolf
38:59 Hoardings
38:39 Siege Engineers
39:35 Plate Mail Armor
39:25 Chain Barding Armor
38:53 Gambesons
38:34 Light Cavalry
39:15 Husbandry
44:53 Plate Barding Armor
Connection lost

Rejoining the realm…

Still unreachable

The connection could not be restored.

Session expired

The server has moved on; the page needs a fresh start.